Map: Central Protocol

Players

LiquidBunny (Bunny)

  • Race: Terran Terran
  • League: Grandmaster

LiquidTLO (TLO) - Winner!

  • Race: Zerg Zerg
  • League: Grandmaster

Event: DreamHack ROCCAT LotV Championship

VOD

Have the link to the VOD?

Description

Time

  • Played on: Nov. 26, 2015, 1:02 p.m.
  • Length: 3:26

All games in this series

Show
View Real Time Build Order
Export as new Build Order

LiquidBunny Terran 

Build Orders: Command Center First (CC) 

Get SALT Encoding   

  12  0:00  SCV  
  13  0:13  SCV  
  14  0:17  Supply Depot  
  14  0:25  SCV  
  15  0:39  SCV  
  16  0:51  SCV  
  17  1:01  Command Center  
  17  1:03  SCV  
  18  1:14  Barracks  
  18  1:16  SCV  
  19  1:22  Refinery  
  19  1:28  SCV  
  19  1:29  Refinery  
  20  1:40  SCV  
  22  2:00  Orbital Command  
  22  2:01  Marine  
  22  2:07  Bunker  
  22  2:12  Orbital Command  
  22  2:16  Factory  
  23  2:28  Barracks Reactor  
  23  2:29  SCV  
  23  2:35  Barracks Tech Lab  
  23  2:36  Supply Depot  
  19  2:46  SCV, Orbital Command  
  19  2:50  Marine  
  21  3:10  Bunker  
Show
View Real Time Build Order
Export as new Build Order

LiquidTLO Zerg - Winner!

Build Orders: Pool Only 

Get SALT Encoding   

  12  0:01  Drone  
  13  0:10  Drone  
  14  0:18  Extractor  
  14  0:19  Drone  
  14  0:32  Spawning Pool  
  13  0:35  Drone  
  14  0:44  Overlord  
  14  0:53  Drone, Extractor  
  15  1:18  Metabolic Boost, Queen  
  15  1:20  Zergling x2  
  15  1:24  Zergling x2  
  19  1:29  Zergling x2  
  20  1:33  Zergling x2  
  21  1:43  Baneling Nest  
  20  1:47  Zergling x2  
  20  1:53  Zergling x2  
  22  2:05  Overlord  
  22  2:23  Zergling x2  
  22  2:25  Zergling x2  
  24  2:30  Zergling x2  
  24  2:31  Zergling x2  
  24  2:33  Zergling x2  
  27  2:40  Zergling x2  
  28  2:51  Zergling x2  
  28  2:54  Baneling x2  
  28  2:55  Baneling x2  
  28  2:56  Baneling  
  28  3:04  Baneling  
  28  3:07  Zergling x2  

Tags
 
Add a new tag
Caveats
  • Supply blocks, unpowered buildings, or Contaminate may cause inaccurate times.
  • Supply counts are checked every 10 seconds.